 Dungeon Crawl Stone Soup version 0.19.5 (webtiles) character file.

1269 Haldmier the Slasher (level 8, -2/50 HPs)
             Began as a High Elf Skald on Apr 9, 2017.
             Killed from afar by an orc wizard (5 damage)
             ... with a magic dart
             ... on level 6 of the Dungeon.
             The game lasted 00:21:01 (6736 turns).

Haldmier the Slasher (High Elf Skald)               Turns: 6736, Time: 00:21:02

Health: -2/50      AC:  6    Str: 13    XL:     8   Next: 28%
Magic:  13/15      EV: 11    Int: 16    God:
Gold:   249        SH:  0    Dex: 15    Spells: 5 memorised, 3 levels left

rFire  . . .     SeeInvis +     z - +2 falchion (slice)
rCold  . . .     Gourm    .     b - +0 leather armour
rNeg   . . .     Faith    .     (no shield)
rPois  .         Spirit   .     p - +2 hat
rElec  .         Reflect  .     n - +0 cloak
rCorr  .         Harm     .     (no gloves)
MR     .....                    (no boots)
Stlth  +.........               (no amulet)
                                f - ring of see invisible
                                (no ring)

@: no status effects
A: no striking features
a: no special abilities


You were on level 6 of the Dungeon.
You were near starving.

You visited 1 branch of the dungeon, and saw 6 of its levels.
You also visited: Sewer.

You collected 249 gold pieces.

Inventory:

Hand Weapons
 a - a +0 falchion
 o - a +1 vampiric short sword
 s - a +0 blowgun
 v - a +2 dagger of draining
 x - a +0 shortbow of freezing
 z - a +2 falchion of slicing (weapon)
 L - a +1 long sword of protection
Missiles
 h - 118 stones
 B - 4 tomahawks (quivered)
 M - 20 poisoned needles
Armour
 b - a +0 leather armour (worn)
 n - a +0 cloak (worn)
 p - a +2 hat (worn)
 D - a +3 ring mail
Jewellery
 f - a ring of see invisible (right hand)
 l - an uncursed ring of fire
 F - an uncursed ring of flight {unknown}
 I - an uncursed ring of protection from fire {unknown}
Wands
 C - a wand of confusion (13/48)
Scrolls
 e - a scroll of enchant armour {unknown}
 g - a scroll of fear {unknown}
 i - 2 scrolls of remove curse {unknown}
 j - 2 scrolls of enchant weapon {unknown}
 k - a scroll of immolation {unknown}
 m - 2 scrolls of amnesia {unknown}
 t - 2 scrolls of identify {unknown}
 u - 2 scrolls of recharging {unknown}
 w - a scroll of random uselessness {unknown}
 y - a scroll of magic mapping {unknown}
 A - a scroll of teleportation {unknown}
 J - 2 scrolls of blinking {unknown}
Potions
 q - 2 potions of curing {unknown}
 H - a potion of haste {unknown}
 N - a potion of heal wounds {unknown}
 O - 3 potions of flight {unknown}
Books
 c - a book of Battle

   Spells                             Type                      Level
   a - Infusion                       Charms                       1
   b - Shroud of Golubria             Charms/Translocation         2
   c - Song of Slaying                Charms                       2
   d - Spectral Weapon                Hexes/Charms                 3
   e - Regeneration                   Charms/Necromancy            3
 E - a book of Misfortune

   Spells                             Type                      Level
   a - Confusing Touch                Hexes                        1
   b - Confuse                        Hexes                        3
   c - Gell's Gravitas                Hexes/Translocation          3
   d - Petrify                        Transmutation/Earth          4
   e - Metabolic Englaciation         Hexes/Ice                    5
   f - Yara's Violent Unravelling     Hexes/Transmutation          5
Comestibles
 d - 2 bread rations
 r - 2 meat rations
 G - 2 fruits


   Skills:
 - Level 2.0 Fighting
 + Level 6.7 Long Blades
 - Level 0.8 Armour
 - Level 1.1 Dodging
 - Level 4.0 Spellcasting
 + Level 4.8 Hexes
 + Level 5.4 Charms
 + Level 2.5 Necromancy
 - Level 4.0 Translocations


You had 3 spell levels left.
You knew the following spells:

 Your Spells              Type           Power        Failure   Level  Hunger
a - Infusion              Chrm           ###.         2%          1    None
b - Shroud of Golubria    Chrm/Tloc      ###.......   6%          2    ##.....
c - Spectral Weapon       Hex/Chrm       ###.....     10%         3    ###....
d - Regeneration          Chrm/Necr      ###.......   17%         3    ###....
e - Confuse               Hex            ###.....     12%         3    ###....


Dungeon Overview and Level Annotations

Branches:
Dungeon (6/15)
 Temple: D:4-7

Altars:
Dithmenos
Okawaru
Sif Muna
The Shining One


Message History

The orc warrior is almost dead.
Your spectral weapon hits the orc warrior!
You kill the orc warrior!
The orc wizard hits you with a dagger.
* * * LOW HITPOINT WARNING * * *
You take 1 damage, and have 2/50 hp.
You hit the orc wizard.
The orc wizard is heavily wounded.
Your spectral weapon hits the orc wizard.
The orc wizard mumbles some strange words.
The orc wizard blinks!
Your spectral weapon fades away.
You closely miss the orc wizard.
The orc wizard is heavily wounded.
The orc wizard hits you but does no damage.
You hit the orc wizard.
The orc wizard is severely wounded.
The orc wizard points at you and mumbles some strange words.
The magic dart hits you!
You die...

#.# #.# ##+## #.#
##...## #.## ##.....##
#..## ##.......##
####...####.........#
#.........'.......<.+
#.#....#.##.........#
##.#.#.##.###...@o..##
..........# ##.....##
.#.#..##..# ##...##
.#.##.##..# ##)##
.#........# #.#
.........## #.#
#####.####
##.###########.# #.#
##..............# #.#
### #.....##.##)#####


You could see an orc wizard.

Vanquished Creatures
  An ice beast (D:5)
  An orc warrior (D:6)
  2 phantoms (D:4)
  2 ogres (D:4)
  A big kobold (Sewer)
  2 crimson imps (D:5)
  2 hounds (D:4)
  A bullfrog skeleton (D:5)
  An orc priest (D:4)
  A jelly (D:5)
  3 orc wizards
  2 iguanas
  2 worker ants (D:5)
  A hound zombie (D:5)
  4 gnolls
  A howler monkey skeleton (D:5)
  9 adders
  A river rat (D:5)
  4 worms
  A dart slug (D:2)
  3 leopard geckos
  21 orcs
  2 giant cockroaches (D:5)
  8 goblins
  5 hobgoblins
  5 jackals
  2 ball pythons (D:5)
  A ball python skeleton (D:5)
  9 bats
  5 frilled lizards
  A jackal skeleton (D:4)
  9 kobolds
  A quokka skeleton (D:4)
  15 rats
  A plant (D:2)
130 creatures vanquished.

Vanquished Creatures (others)
  A spectral weapon (D:4)
1 creature vanquished.

Grand Total: 131 creatures vanquished

Notes
Turn   | Place    | Note
-------+----------+-------------------------------------------
     0 | D:1      | Haldmier the High Elf Skald began the quest for the Orb.
     0 | D:1      | Reached XP level 1. HP: 14/14 MP: 4/4
   273 | D:1      | Reached skill level 3 in Long Blades
   439 | D:1      | Reached XP level 2. HP: 15/19 MP: 3/6
   935 | D:1      | Reached skill level 4 in Long Blades
  1247 | D:2      | Reached XP level 3. HP: 17/24 MP: 2/7
  1267 | D:2      | Learned a level 2 spell: Shroud of Golubria
  1271 | D:2      | Learned a level 3 spell: Spectral Weapon
  1436 | D:2      | Found a faded altar of an unknown god.
  1598 | D:2      | Reached skill level 1 in Hexes
  1897 | D:2      | Reached XP level 4. HP: 29/29 MP: 2/8
  2108 | D:1      | Reached skill level 1 in Translocations
  2320 | D:2      | Reached skill level 5 in Long Blades
  3279 | D:3      | Reached XP level 5. HP: 20/34 MP: 2/9
  3895 | D:3      | Found a glowing golden altar of the Shining One.
  3896 | D:3      | Found a deep blue altar of Sif Muna.
  4409 | D:4      | Reached XP level 6. HP: 8/39 MP: 7/10
  4422 | D:4      | Learned a level 3 spell: Regeneration
  5045 | D:4      | Found a shadowy altar of Dithmenos.
  5400 | D:4      | Reached skill level 1 in Necromancy
  5400 | D:4      | Reached XP level 7. HP: 40/45 MP: 9/12
  5481 | D:4      | Reached skill level 6 in Long Blades
  5645 | D:5      | Entered Level 5 of the Dungeon
  5731 | D:5      | Found a glowing drain.
  5750 | Sewer    | Entered a sewer
  5886 | Sewer    | Found a white marble altar of Elyvilon.
  6112 | D:5      | Reached skill level 5 in Charms
  6157 | D:5      | Reached XP level 8. HP: 27/50 MP: 0/15
  6305 | D:5      | Learned a level 3 spell: Confuse
  6385 | D:5      | Found an iron altar of Okawaru.
  6732 | D:6      | HP: 2/50 [orc wizard/dagger (1)]
  6736 | D:6      | Killed from afar by an orc wizard

Skill      XL: |  1  2  3  4  5  6  7  8 |
---------------+-------------------------+-----
Long Blades    | 3 4 5 6 |  6.7
Hexes          | 1 2 3 4 |  4.8
Translocations | 1 2 3 4 |  4.0
Spellcasting   | 3 4 |  4.0
Charms         | 4 5 |  5.4
Necromancy     | 1 2 |  2.5
Fighting       | |  2.0
Armour         | |  0.8
Dodging        | |  1.1

Action                   |  1- 3 |  4- 6 |  7- 9 || total
-------------------------+-------+-------+-------++-------
Melee: Falchion          |   104 |   235 |   121 ||   460
Throw: Stone             |     1 |       |       ||     1
 Cast: Infusion          |    21 |    18 |     3 ||    42
       Shroud of Golubri |     4 |    21 |     9 ||    34
       Spectral Weapon   |       |     2 |    12 ||    14
       Regeneration      |       |       |     1 ||     1
 Stab: Sleeping          |       |     1 |       ||     1
  Eat: Chunk             |     3 |    12 |     1 ||    16
       Pizza             |       |     1 |       ||     1
       Bread ration      |       |       |     1 ||     1
Armor: Leather armour    |    37 |    67 |    28 ||   132
Dodge: Dodged            |    68 |   104 |    60 ||   232
       Rpst.: Falchion   |    17 |    28 |    16 ||    61
